 Dungeon Crawl Stone Soup version 0.27-a0-277-g024f7ef292 (webtiles) character file.

Game seed: 1769884274349104780

31 Borgoz the Skirmisher (level 3, 0/23 HPs)
             Began as a Gargoyle Berserker on Feb 5, 2021.
             Was a Believer of Trog.
             Slain by a goblin (2 damage)
             ... led by Robin
             ... on level 2 of the Dungeon.
             The game lasted 00:00:48 (1336 turns).

Borgoz the Skirmisher (Gargoyle Berserker)          Turns: 1336, Time: 00:00:48

Health: 0/23       AC:  5    Str: 20    XL:     3   Next: 22%
Magic:  3/3        EV: 12    Int:  7    God:    Trog [**....]
Gold:   116        SH:  0    Dex: 10    Spells: 2/2 levels left

rFire    . . .     SeeInvis .   a - +0 mace
rCold    . . .     Faith    .   (no shield)
rNeg     + + .     Spirit   .   b - +0 animal skin
rPois    ∞         Reflect  .   (no helmet)
rElec    +         Harm     .   (no cloak)
rCorr    .         Rampage  .   (no gloves)
Will     .....                  (no boots)
Stlth    +.........             (no amulet)
HPRegen  0.07/turn              f - ring of positive energy
MPRegen  0.08/turn              (no ring)

@: berserk cooldown, slowed, very slow
A: negative energy resistance 1, electricity resistance, unbreathing,
petrification resistance, miasma immunity, AC +3
a: Renounce Religion, Berserk, Trog's Hand


You were on level 2 of the Dungeon.
You worshipped Trog.
Trog was pleased with you.
You visited 1 branch of the dungeon, and saw 2 of its levels.

You collected 116 gold pieces.

Inventory:

Hand Weapons
 a - a +0 mace (weapon)
Armour
 b - a +0 animal skin (worn)
Jewellery
 f - a ring of positive energy (left hand)
Scrolls
 c - a scroll of fear {unknown}
 e - a scroll of identify {unknown}
 g - a scroll of remove curse {unknown}


   Skills:
 + Level 3.6 Fighting
 + Level 3.3 Maces & Flails
 + Level 2.7 Armour
 + Level 2.0 Dodging


You had 2 spell levels left.
You didn't know any spells.
Your spell library was empty.

Dungeon Overview and Level Annotations

Branches:
Dungeon (2/15)

Altars:

Annotations:
D:2 Robin


Innate Abilities, Weirdness & Mutations

You are resistant to torment.
Your stone body is resilient. (AC +3)
You are immune to poison.
You resist negative energy. (rN+)
You are resistant to electric shocks. (rElec)
You can survive without breathing.
You are immune to petrification.
You are immune to miasma.


Message History

* * * LOW HITPOINT WARNING * * *
The goblin shoots a stone.
The stone barely misses you.
You see here 4 javelins.
You feel a strong urge to attack something.
The goblin misses you. The goblin closely misses you. The goblin hits you.
* * * LOW HITPOINT WARNING * * *
You are no longer berserk.
You are exhausted.
You feel yourself slow down. Robin throws the goblin at you!
The goblin completely misses you.
As you read the scroll labelled GYXIXO MOJUDURUTO, it crumbles to dust.
Your brain hurts!
It was a scroll of random uselessness.
The frilled lizard bites you but does no damage.
The goblin hits you but does no damage. x3
The frilled lizard closely misses you.
You aren't carrying any potions.
The goblin closely misses you. The goblin misses you.
The hobgoblin barely misses you. The goblin hits you but does no damage.
The goblin hits you.
You die...

#.......# #.......#
#)......#
####r.?....#
#...g......#
#..........#
#.gllg.....#
##.ggggg...... .....
#...@..g...... ....
#...gg...##... ....
#........# ... ...
#........# .. .....
#...(..##########.#.#
#...............#.#.#
#..........[....#.#<#
#...............#.#..
#...............#.#.#


You could see Robin, a hobgoblin (strong), 9 goblins, 2 frilled lizards and a
rat.

Vanquished Creatures
  A dart slug (D:1)
  3 leopard geckos
  3 giant cockroaches
  2 goblins (D:1)
  5 hobgoblins
  2 bats (D:1)
  3 frilled lizards
  2 kobolds (D:1)
  4 rats
25 creatures vanquished.

Notes
Turn   | Place    | Note
-------+----------+-------------------------------------------
     0 | D:1      | Borgoz the Gargoyle Berserker began the quest for the Orb.
     0 | D:1      | Reached XP level 1. HP: 14/14 MP: 1/1
   441 | D:1      | Reached XP level 2. HP: 17/19 MP: 2/2
  1126 | D:1      | Reached XP level 3. HP: 17/23 MP: 3/3
  1321 | D:2      | Noticed Robin
  1322 | D:2      | Reached ** piety under Trog
  1336 | D:2      | Slain by a goblin

Illustrated notes

Levels and vault maps discovered:
D:1:      arrival_zaba_pyramid, layout_loops_ring, minivault_11
D:2:      kb_forest_paths, layout_basic, uniq_robin

Skill      XL: |  1  2  3 |
---------------+----------+-----
Dodging        | 2 |  2.0
Fighting       | |  3.6
Maces & Flails | |  3.3
Armour         | |  2.7

Action                   || total
-------------------------++-------
Melee: Mace              ||   101
Invok: Berserk           ||     1
  Use: Scroll            ||     1
Armor: Animal skin       ||    56
Dodge: Dodged            ||   116

Table legend: (Time is in decaauts)
 A = Elapsed time spent in this place.
 B = Non-inter-level travel time spent in this place.
 C = Inter-level travel time spent in this place.
 D = Time resting spent in this place.
 E = Time spent auto-exploring this place.
 F = Levels seen in this place.
 G = Mean time per level.
                   A        B        C        D        E       F      G
               +--------+--------+--------+--------+--------+-----+--------+
         Total |   1357 |   1330 |     27 |    242 |    875 |   2 |  678.5 |
       Dungeon |   1357 |   1330 |     27 |    242 |    875 |   2 |  678.5 |
               +--------+--------+--------+--------+--------+-----+--------+

Top non-repeatable levels by time:
     D:1: 1288 daAuts
     D:2: 69 daAuts
